 Dungeon Crawl Stone Soup version 0.24.1-8-ga250c9d538 (webtiles) character file.

Game seed: 6691794717092088916, levelgen mode: deterministic

22953 Peloso the Carver (level 12, -6/93 HPs)
             Began as a Demonspawn Fighter on Apr 27, 2020.
             Was a High Priest of Okawaru.
             Mangled by a blink frog (15 damage)
             ... on level 3 of the Lair of Beasts on Apr 28, 2020.
             The game lasted 00:41:17 (15509 turns).

Peloso the Carver (Demonspawn Fighter)             Turns: 15509, Time: 00:41:18

Health: -6/93      AC: 22    Str: 22    XL:     12   Next: 67%
Magic:  11/13      EV: 15    Int: 11    God:    Okawaru [*****.]
Gold:   815        SH: 15    Dex: 13    Spells: 11/11 levels left

rFire    + . .     SeeInvis +   a - +2 demon blade (freeze)
rCold    + + .     Gourm    .   c - +1 shield
rNeg     + + +     Faith    .   k - +4 scale mail of Untruth {*Slow rN+++ rCorr SInv}
rPois    +         Spirit   .   (no helmet)
rElec    .         Reflect  .   C - scarf {rC+ rF+}
rCorr    +         Harm     .   (no gloves)
MR       .....                  e - +1 pair of boots of Hadjma {+Blink rPois Str+2 Stlth-}
Stlth    +++.......             (no amulet)
HPRegen  0.25/turn              r - ring of positive energy
MPRegen  0.13/turn              M - ring of protection from cold

@: heroism, slowed, very slow
A: talons 1, iridescent scales 3, nightstalker 2, spiny 1
a: Heroism, Finesse, Renounce Religion, Evoke Blink


You were on level 3 of the Lair of Beasts.
You worshipped Okawaru.
Okawaru was extremely pleased with you.
You were not hungry.

You visited 3 branches of the dungeon, and saw 15 of its levels.
You also visited: Ossuary.

You collected 815 gold pieces.

Inventory:

Hand Weapons
 a - a +2 demon blade of freezing (weapon)
 b - a +1 hand axe of flaming
Armour
 c - a +1 shield (worn)
 e - the +1 pair of boots of Hadjma (worn) {+Blink rPois Str+2 Stlth-}
   (You acquired it on level 10 of the Dungeon)

   It affects your strength (+2).
   It protects you from poison.
   It lets you blink.
   It makes you less stealthy.
 k - the +4 scale mail of Untruth (worn) {*Slow rN+++ rCorr SInv}
   (You found it on level 2 of the Lair of Beasts)

   It renders you almost immune to negative energy.
   It lets you see invisible.
   It provides partial protection from all sources of acid and corrosion.
   It may slow you when you take damage.
 t - a +0 pair of boots
 C - a scarf of resistance (worn)
 K - a +1 plate armour of fire resistance
Jewellery
 r - a ring of positive energy (left hand)
 M - a ring of protection from cold (right hand)
Scrolls
 d - a scroll of enchant armour
 h - 12 scrolls of teleportation
 i - a scroll of amnesia
 j - a scroll of blinking
 l - 2 scrolls of identify
 m - 9 scrolls of remove curse
 w - 2 scrolls of fear
 F - a scroll of magic mapping {unknown}
 I - a scroll of noise {unknown}
Potions
 g - a potion of agility
 q - a potion of haste
 v - a potion of resistance
 E - a potion of curing
 L - 3 potions of heal wounds
Comestibles
 f - 30 rations


   Skills:
 + Level 8.3(13.3) Fighting
 + Level 11.7(16.7) Long Blades
 + Level 2.6(7.6) Axes
 + Level 8.6(13.6) Armour
 + Level 3.3(8.3) Dodging
 + Level 2.1(7.1) Stealth
 + Level 10.7(15.7) Shields
 + Level 2.6 Invocations
 + Level 0.8 Evocations


You had 11 spell levels left.
You didn't know any spells.
Your spell library contained the following spells:

 Spells                   Type           Power        Failure   Level  Hunger
 Corona                   Hex            #......      58%         1    ##.....
 Ensorcelled Hibernation  Hex/Ice        #.....       73%         2    ###....
 Slow                     Hex            #.......     73%         2    ###....
 Confuse                  Hex            #.......     91%         3    ####...
 Dazzling Spray           Conj/Hex       #.....       91%         3    ####...
 Ignite Poison            Fire/Tmut/Pois #.......     91%         3    ####...
 Inner Flame              Hex/Fire       #.......     91%         3    ####...
 Portal Projectile        Hex/Tloc       #.....       91%         3    ####...
 Tukima's Dance           Hex            #.......     91%         3    ####...
 Cause Fear               Hex            #.........   100%        4    #####..
 Leda's Liquefaction      Hex/Erth       #.........   100%        4    #####..
 Fireball                 Conj/Fire      #.........   100%        5    ######.
 Bolt of Fire             Conj/Fire      #.........   100%        6    #######
 Ring of Flames           Chrm/Fire      #.........   100%        7    #######
 Ignition                 Fire           #.........   100%        8    #######


Dungeon Overview and Level Annotations

Branches:
Dungeon (11/15)            Temple (1/1) D:5            Lair (3/6) D:8
    Orc (0/2) D:10        Ossuary (visited)
  Swamp: Lair:2-4    Shoals: Lair:2-4     Snake: Lair:2-4    Spider: Lair:2-4

Altars:
Ashenzari
Cheibriados
Dithmenos
Elyvilon
Fedhas
Gozag
Hepliaklqana
Makhleb
Nemelex Xobeh
Okawaru
Qazlal
Sif Muna
Trog
Uskayaw
Vehumet
Yredelemnul
Zin
The Shining One
Beogh

Shops:
D:5 =

Annotations:
D:6 2 transporters, VeryBadPlayer's ghost, novice MiFi
D:9 1 runed translucent door, nano's ghost, novice DsEn
Lair:3 3 runed translucent doors


Innate Abilities, Weirdness & Mutations

You have sharp toenails.
You are completely covered in iridescent scales. (AC +6)
You are significantly more attuned to the shadows.
You are partially covered in sharp spines.


Message History

Okawaru accepts your kill. You block the blink frog's attack.
The blink frog hits you!
* * * LOW HITPOINT WARNING * * *
The blink frog blinks!
The blink frog is struck by your spines.
The blink frog closely misses you.
The blink frog is struck by your spines.
The blink frog barely misses you.
You riposte.
You slash the blink frog!
The blink frog seems to slow down.
You freeze the blink frog.
The blink frog is almost dead.
You gain the combat prowess of a mighty hero.
The blink frog is struck by your spines.
The blink frog hits you!
* * * LOW HITPOINT WARNING * * *
The blink frog blinks!
You block the blink frog's attack. x2
Unknown command.
You barely miss the blink frog.
The blink frog is almost dead.
You block the blink frog's attack. The blink frog hits you!
You die...

##..... ##...... #
##### #....... ###...#
###.........
......#####...........
........##....†......#
..............§......#
............)..F.....#
................@†...#
................F....#
P.....................
...................#
............#
............


You could see 2 blink frogs.

Vanquished Creatures
  Snorg (D:10)
  2 hydras
  4 two-headed ogres
  3 death yaks (Lair:2)
  An unseen horror (D:10)
  An oklob plant (Lair:1)
  2 centaur zombies (D:10)
  A black mamba (Lair:2)
  Maurice (D:10)
  Psyche (D:11)
  3 spiny frogs
  A centaur skeleton (D:10)
  A rime drake (Lair:3)
  A komodo dragon (Lair:2)
  2 trolls
  A blink frog (Lair:3)
  A slime creature (D:10)
  2 dream sheep (D:8)
  2 hippogriffs
  15 yaks
  A wyvern (D:10)
  A hungry ghost (D:7)
  3 wargs (D:10)
  4 water moccasins
  4 porcupines
  An ice beast (D:11)
  4 orc warriors
  8 black bears
  A phantom (D:7)
  2 eyes of draining
  4 sky beasts
  A necrophage (D:6)
  8 ogres
  5 centaurs
  A crocodile (Lair:3)
  4 big kobolds
  2 elf zombies (Ossuary)
  7 bullfrogs
  5 scorpions
  8 howler monkeys
  4 killer bees (D:9)
  7 wights
  An electric eel (Lair:2)
  4 crimson imps
  2 quasits
  A bullfrog zombie (D:10)
  3 human zombies (Ossuary)
  4 orc priests
  6 hounds
  11 jellies
  7 orc wizards
  10 worker ants
  Natasha (thrice) (D:3)
  4 iguanas
  A big kobold zombie (Ossuary)
  4 hound zombies
  3 mummies (Ossuary)
  4 worker ant zombies
  A howler monkey skeleton (D:7)
  12 adders
  10 gnolls
  A shadow imp (D:10)
  13 oozes
  5 adder zombies
  3 worms
  A dart slug (D:2)
  4 leopard geckos
  61 orcs
  4 ball pythons
  12 bats
  11 giant cockroaches
  A gnoll zombie (Ossuary)
  8 goblins
  5 hobgoblins
  7 jackals
  11 quokkas
  8 frilled lizards
  A hobgoblin zombie (Ossuary)
  4 jackal zombies
  13 kobolds
  3 kobold zombies (Ossuary)
  An orc zombie (Ossuary)
  A quokka skeleton (D:4)
  6 quokka zombies (Ossuary)
  23 rats
  2 rat zombies (Ossuary)
  A spectral orc (D:4)
  A fungus (Lair:1)
433 creatures vanquished.

Vanquished Creatures (others)
  61 fungi
  18 plants
79 creatures vanquished.

Grand Total: 512 creatures vanquished

Notes
Turn   | Place    | Note
-------+----------+-------------------------------------------
     0 | D:1      | Peloso the Demonspawn Fighter began the quest for the Orb.
     0 | D:1      | Reached XP level 1. HP: 18/18 MP: 1/1
   220 | D:1      | Gained mutation: You are partially covered in iridescent
                  | scales. (AC +2) [demonic ancestry]
   220 | D:1      | Reached XP level 2. HP: 24/24 MP: 2/2
   288 | D:1      | Reached skill level 2 in Long Blades
   662 | D:1      | Reached XP level 3. HP: 28/29 MP: 3/3
  1414 | D:2      | Gained mutation: You have sharp toenails. [demonic
                  | ancestry]
  1414 | D:2      | Reached XP level 4. HP: 35/35 MP: 4/4
  1523 | D:2      | Reached skill level 1 in Dodging
  2128 | D:3      | Reached skill level 3 in Long Blades
  2210 | D:3      | Reached XP level 5. HP: 26/41 MP: 5/5
  2261 | D:3      | Noticed Natasha
  2268 | D:3      | Killed Natasha
  2328 | D:3      | Noticed Natasha
  2335 | D:3      | Killed Natasha
  2444 | D:3      | Noticed Natasha
  2459 | D:3      | HP: 1/41 [crimson imp[Natasha] (3)]
  2460 | D:3      | Killed Natasha
  3293 | D:4      | Found a shattered altar of Ashenzari.
  3293 | D:4      | Noticed an ogre
  3298 | D:4      | Killed an ogre
  3298 | D:4      | Gained mutation: You are partially covered in sharp spines.
                  | [demonic ancestry]
  3298 | D:4      | Reached XP level 6. HP: 34/47 MP: 6/6
  3352 | D:4      | Found a basalt altar of Yredelemnul.
  3405 | D:4      | Reached skill level 4 in Long Blades
  3499 | D:4      | Gained mutation: You are slightly more attuned to the
                  | shadows. [demonic ancestry]
  3499 | D:4      | Reached XP level 7. HP: 53/53 MP: 7/7
  3794 | D:4      | Found a sand-covered staircase.
  3801 | Ossuary  | Entered an ossuary
  3948 | Ossuary  | Reached skill level 5 in Long Blades
  4349 | D:4      | Reached skill level 5 in Shields
  4641 | D:4      | Reached XP level 8. HP: 60/60 MP: 8/8
  4813 | D:4      | Found an opulent altar of Gozag.
  4816 | D:4      | Found a burning altar of Makhleb.
  4817 | D:4      | Found a bloodstained altar of Trog.
  4980 | D:5      | Entered Level 5 of the Dungeon
  4987 | D:5      | Found Piofas's Jewellery Boutique.
  5242 | D:5      | Reached skill level 1 in Stealth
  5282 | D:5      | Found a staircase to the Ecumenical Temple.
  5294 | Temple   | Entered the Ecumenical Temple
  5403 | Temple   | Became a worshipper of Warmaster Okawaru
  5910 | D:4      | Found a stormy altar of Qazlal.
  5910 | D:4      | Found a blossoming altar of Fedhas.
  6055 | D:6      | Found a transporter.
  6058 | D:6      | Found a transporter.
  6060 | D:6      | Noticed a queen bee
  6146 | D:6      | Noticed VeryBadPlayer's ghost (novice MiFi)
  6256 | D:6      | Got a faintly glowing long sword
  6257 | D:6      | Identified the cursed +0 long sword of Etuza {protect,
                  | Str+3} (You found it on level 6 of the Dungeon)
  6326 | D:6      | Reached skill level 6 in Long Blades
  7130 | D:7      | Reached * piety under Okawaru
  7139 | D:7      | Gained mutation: You are mostly covered in iridescent
                  | scales. (AC +4) [demonic ancestry]
  7139 | D:7      | Reached XP level 9. HP: 63/67 MP: 0/9
  7190 | D:7      | Reached skill level 5 in Fighting
  7196 | D:7      | Found a glowing golden altar of the Shining One.
  7230 | D:7      | Reached skill level 7 in Long Blades
  7344 | D:7      | Reached skill level 5 in Armour
  7818 | D:8      | Reached ** piety under Okawaru
  8022 | D:8      | Noticed a two-headed hydra
  8025 | D:8      | Killed a one-headed hydra
  8025 | D:8      | Reached *** piety under Okawaru
  8025 | D:8      | Reached skill level 1 in Axes
  8025 | D:8      | Gained mutation: You are significantly more attuned to the
                  | shadows. [demonic ancestry]
  8025 | D:8      | Reached XP level 10. HP: 74/74 MP: 7/10
  8137 | D:8      | Found a white marble altar of Elyvilon.
  8536 | D:8      | Found a hide-covered altar of Uskayaw.
  8610 | D:8      | Reached skill level 8 in Long Blades
  8822 | D:8      | Found a staircase to the Lair.
  8890 | D:8      | Found a radiant altar of Vehumet.
  8933 | D:8      | Reached **** piety under Okawaru
  9080 | D:9      | Found a runed translucent door.
  9081 | D:9      | Noticed nano's ghost (novice DsEn)
  9082 | D:9      | Identified the +11 spear of Success {pierce, *Drain Str+5
                  | Int+5}
  9250 | D:9      | Got an iridescent war axe
  9251 | D:9      | Identified the +4 war axe "Zonoel" {freeze, +Inv rElec MR-}
                  | (You found it on level 9 of the Dungeon)
  9350 | D:9      | Noticed a two-headed ogre
  9362 | D:9      | Killed a two-headed ogre
  9362 | D:9      | Reached skill level 9 in Long Blades
  9498 | D:9      | Reached skill level 1 in Invocations
  9734 | D:9      | Found a roughly hewn altar of Beogh.
  9965 | D:10     | Entered Level 10 of the Dungeon
  9998 | D:10     | Reached XP level 11. HP: 71/83 MP: 11/11
 10176 | D:10     | Reached ***** piety under Okawaru
 10192 | D:10     | Received a gift from Okawaru
 10236 | D:10     | Noticed a two-headed ogre
 10249 | D:10     | Killed a two-headed ogre
 10431 | D:10     | Found a staircase to the Orcish Mines.
 10533 | D:10     | Noticed a two-headed ogre
 10552 | D:10     | Killed a two-headed ogre
 10552 | D:10     | Received a gift from Okawaru
 10552 | D:10     | Reached skill level 10 in Long Blades
 10567 | D:10     | Noticed a two-headed ogre
 10577 | D:10     | Killed a two-headed ogre
 11122 | D:10     | Identified 2 scrolls of acquirement
 11149 | D:10     | Killed an unseen horror
 11149 | D:10     | Reached skill level 10 in Shields
 11161 | D:10     | Got a pair of heavily runed boots
 11172 | D:10     | Identified the +1 pair of boots of Hadjma {+Blink rPois
                  | Str+2 Stlth-} (You acquired it on level 10 of the Dungeon)
 11222 | D:10     | Noticed Snorg
 11239 | D:10     | Killed Snorg
 11657 | D:10     | Noticed Maurice
 11663 | D:10     | Killed Maurice
 11866 | D:10     | Gained mutation: You are completely covered in iridescent
                  | scales. (AC +6) [demonic ancestry]
 11866 | D:10     | Reached XP level 12. HP: 92/92 MP: 13/13
 12489 | D:11     | Reached skill level 11 in Long Blades
 12507 | D:11     | Noticed Psyche
 12518 | D:11     | Killed Psyche
 12547 | D:11     | Found a burning altar of Makhleb.
 12559 | D:11     | Noticed a death knight
 12947 | Lair:1   | Entered Level 1 of the Lair of Beasts
 14287 | Lair:2   | Received a gift from Okawaru
 14357 | Lair:2   | Noticed a death yak
 14358 | Lair:2   | Noticed a death yak
 14390 | Lair:2   | Noticed a death yak
 14393 | Lair:2   | Killed a death yak
 14404 | Lair:2   | Killed a death yak
 14772 | Lair:2   | Killed a death yak
 14835 | Lair:2   | You fall into a shaft and drop 1 floor!
 14889 | Lair:3   | Found a runed translucent gate.
 14889 | Lair:3   | Found a runed translucent gate.
 14889 | Lair:3   | Found a runed translucent gate.
 14890 | Lair:3   | Found the cursed +13 scythe of Curses {drain, *Curse}
 15012 | Lair:3   | Noticed a four-headed hydra
 15022 | Lair:3   | Killed a one-headed hydra
 15158 | Lair:2   | Got a crude scale mail
 15169 | Lair:2   | Identified the +4 scale mail of Untruth {*Slow rN+++ rCorr
                  | SInv} (You found it on level 2 of the Lair of Beasts)
 15509 | Lair:3   | Mangled by a blink frog

Levels and vault maps discovered:
D:1:      dpeg_arrival_signposts, layout_loops_ring, minmay_shallow_snake_nest
D:2:      layout_basic, hangedman_decor_opposing
D:3:      layout_basic, first_ration, chequers_decorated_corner, st_stairs_7,
          uniq_natasha
D:4:      layout_basic, nicolae_ashenzari_panopticon,
          yredelemnul_forgotten_temple_becter, nicolae_overflow_hidden_temple,
          nicolae_ossuary_entry_ruins, minmay_rat_hole
D:5:      layout_loops_ring, minmay_temple_entry_waves, serial_shops, shop
D:6:      layout_cave_pods, gammafunk_ghost_hive
D:7:      layout_loops_ring, tso_metal_star
D:8:      layout_basic, old_standard_altar, lemuel_doored_altar,
          due_lair_maze_entry_diamond, basic_altar, hangedman_ranch
          [blue_anna_fruit_fields], minivault_25
D:9:      layout_loops_ring, ebering_ghost_funeral_grove, special_room
          [special_room_orc]
D:10:     lemuel_slime, layout_layer_cave, minmay_orc_entry_guard_dogs,
          kennysheep_kite_vault, uniq_maurice, uniq_snorg
D:11:     minmay_the_grid_triangle_9x9_rhombus_thin
          [minmay_the_grid_triangle_9x9_zippers_horizontal,
          minmay_the_grid_triangle_9x9_prize_special,
          minmay_the_grid_triangle_9x9_shrine,
          minmay_the_grid_triangle_9x9_intruding_spiral], layout_rooms,
          uniq_psyche
Temple:   minmay_temple_forest_path
Lair:1:   layout_gridlike, chequers_serial_rivers_small_a,
          minmay_stone_trees_small, minmay_lair_oklob_items
Lair:2:   layout_chaotic_city, lemuel_fruit_tree, infiniplex_staircase_pool,
          uniq_urug
Lair:3:   layout_cave_shapes, spider_nest_entry_rubble,
          gammafunk_ghost_necromancy, kennysheep_basilisk_garden

Skill      XL: |  1  2  3  4  5  6  7  8  9 10 11 12 |
---------------+-------------------------------------+-----
Long Blades    | 2 3 4 5 6 7 9 10 11 | 11.7
Armour         | 3 4 6 7 8 |  8.6
Shields        | 3 4 5 6 7 8 10 | 10.7
Dodging        | 1 2 3 |  3.3
Fighting       | 4 5 6 7 8 |  8.3
Stealth        | 1 2 |  2.1
Axes           | 1 2 |  2.6
Invocations    | 1 2 |  2.6
Evocations     | |  0.8

Action                   |  1- 3 |  4- 6 |  7- 9 | 10-12 || total
-------------------------+-------+-------+-------+-------++-------
Melee: Long sword        |   120 |   140 |   373 |   555 ||  1188
       Kick              |       |    44 |   140 |   171 ||   355
       Hand axe          |       |       |    22 |     8 ||    30
       Demon blade       |       |       |       |   278 ||   278
Invok: Heroism           |       |       |     2 |    12 ||    14
       Finesse           |       |       |       |     1 ||     1
Evoke: Wand              |       |       |       |     1 ||     1
  Use: Scroll            |       |    10 |     7 |    10 ||    27
       Potion            |       |     1 |       |     3 ||     4
 Stab: Paralysed         |       |       |       |     2 ||     2
  Eat: Chunk             |     1 |     7 |    15 |    18 ||    41
       Ration            |       |       |     1 |     2 ||     3
Armor: Scale mail        |    76 |    49 |       |     8 ||   133
       Chain mail        |       |    12 |   141 |       ||   153
       Plate armour      |       |       |    40 |   358 ||   398
Dodge: Dodged            |    56 |    35 |    80 |   189 ||   360
Block: Shield            |    64 |    78 |   213 |   519 ||   874
       Rpst.: Long sword |    15 |    17 |    31 |    33 ||    96
       Demon blade       |       |       |       |    21 ||    21
